 Dungeon Crawl Stone Soup version 0.29-a0-700-g2f1814c7b2 (webtiles) character file.

Game seed: 16175258064074013991

7962 gobodom the Cruncher (level 11, -1/83 HPs)
             Began as a Demonspawn Necromancer on June 25, 2022.
             Slain by a centaur
             ... wielding a +0 halberd
              (12 damage)
             ... in a bailey.
             The game lasted 01:20:38 (13907 turns).

gobodom the Cruncher (Demonspawn Necromancer)      Turns: 13907, Time: 01:20:39

Health: -1/83      AC: 11    Str: 16    XL:     11   Next: 3%
Magic:  20/21      EV: 17    Int: 16    God:
Gold:   660        SH:  0    Dex: 11    Spells: 9/23 levels left

rFire   . . .      SeeInvis +   E - +2 quarterstaff (chaos)
rCold   . . .      Faith    .   (shield currently unavailable)
rNeg    + . .      Spirit   .   s - +1 leather armour of the Nexus {Fly Str+5 Dex-4 Slay+2}
rPois   +          Reflect  .   (no helmet)
rElec   .          Harm     .   B - +2 ratskin cloak {*Rats rPois rN+ Str-1 Int-1 Dex+1}
rCorr   .          Rampage  .   i - +0 pair of gloves
Will    .....                   l - +0 pair of boots
Stlth   +++.......              (no amulet)
HPRegen 0.23/turn               o - ring of see invisible
MPRegen 0.17/turn               x - +4 ring of evasion

@: flying
A: yellow scales 1, powered by death 1, robust 1, demonic magic 2, weakness
stinger 2, sturdy frame 1
a: no special abilities


You were in a bailey.
You visited 2 branches of the dungeon, and saw 11 of its levels.
You also visited: Sewer and Bailey.

You collected 682 gold pieces.
You spent 22 gold pieces at shops.

Inventory:

Hand Weapons
 j - a +2 dagger of venom
 z - a +3 rapier of electrocution
 E - a +2 quarterstaff of chaos (weapon)
 F - a +3 whip of flaming
 G - a +0 dagger of draining
 M - a +1 whip of pain
 O - a +0 vorpal flail
Missiles
 c - 73 poisoned darts
 h - 6 curare-tipped darts
 I - 4 boomerangs
 R - 3 atropa-tipped darts
Armour
 a - a +1 robe
 g - the +5 chain mail of the Sufficient God {rElec rF+ rC-}
   (You took it off an orc on level 8 of the Dungeon)

   rF:        It protects you from fire.
   rC:        It makes you vulnerable to cold.
   rElec:     It insulates you from electricity.
 i - a +0 pair of gloves (worn)
 l - a +0 pair of boots (worn)
 s - the +1 leather armour of the Nexus (worn) {Fly Str+5 Dex-4 Slay+2}
   (You found it on level 2 of the Dungeon)

   Str:       It affects your strength (+5).
   Dex:       It affects your dexterity (-4).
   Slay:      It affects your accuracy & damage with ranged weapons and melee
   (+2).
   Fly:       It grants you flight.
 v - a +1 cloak
 B - the +2 ratskin cloak (worn) {*Rats rPois rN+ Str-1 Int-1 Dex+1}
   (You found it on level 9 of the Dungeon)

   When the wearer is hurt, rats may emerge from it to assist them.
   Str:       It affects your strength (-1).
   Int:       It affects your intelligence (-1).
   Dex:       It affects your dexterity (+1).
   rPois:     It protects you from poison.
   rN:        It protects you from negative energy.
 P - +0 steam dragon scales
Magical Staves
 y - a staff of death
 D - a staff of poison
Jewellery
 o - a ring of see invisible (left hand)
 u - a ring of fire
 x - a +4 ring of evasion (right hand)
 A - a ring of flight
 U - a ring of flight
Wands
 w - a wand of digging (10)
 Q - a wand of acid (27)
 W - a wand of polymorph (12)
Scrolls
 e - 4 scrolls of poison
 f - 3 scrolls of blinking
 k - 5 scrolls of teleportation
 m - 2 scrolls of amnesia
 r - 3 scrolls of magic mapping
 C - a scroll of enchant weapon
 J - a scroll of fog
 L - a scroll of identify
Potions
 b - a potion of magic
 d - 3 potions of resistance
 n - 4 potions of brilliance
 p - a potion of haste
 q - 3 potions of lignification
 t - 2 potions of mutation
 K - 2 potions of might
 N - a potion of berserk rage


   Skills:
 + Level 3.7 Fighting
 + Level 1.5 Short Blades
 * Level 8.6 Staves
 + Level 1.1 Throwing
 + Level 5.4 Dodging
 + Level 5.7 Stealth
 + Level 0.2 Unarmed Combat
 + Level 6.6 Spellcasting
 + Level 8.4 Necromancy
 + Level 0.5 Translocations
 - Level 5.0 Evocations


You had 9 spell levels left.
You knew the following spells:

 Your Spells              Type           Power      Damage    Failure   Level
a - Necrotize             Necr           100%       1d9       1%          1
b - Vampiric Draining     Necr           32%        2d8       1%          3
c - Apportation           Tloc           14%        N/A       11%         1
d - Animate Dead          Necr           32%        N/A       4%          4
e - Agony                 Necr           32%        N/A       12%         5

Your spell library contained the following spells:

 Spells                   Type           Power      Damage    Failure   Level
 Summon Small Mammal      Summ           20%        N/A       13%         1
 Portal Projectile        Hex/Tloc       12%        N/A       34%         3
 Tukima's Dance           Hex            5%         N/A       36%         3
 Borgnjor's Vile Clutch   Necr/Erth      9%         N/A       54%         5
 Death Channel            Necr           16%        N/A       54%         6
 Blade Hands              Tmut           2%         N/A       98%         5


Dungeon Overview and Level Annotations

Branches:
Dungeon (10/15)            Temple (1/1) D:5           Sewer (visited)
 Bailey (1/1)
   Lair: D:8-11         Orc: D:9-12

Altars:
Ashenzari
Cheibriados
Dithmenos
Elyvilon
Fedhas
Gozag
Hepliaklqana
Kikubaaqudgha
Makhleb
Nemelex Xobeh
Okawaru
Qazlal
Ru
Sif Muna
Trog
Uskayaw
Vehumet
Wu Jian
Xom
Yredelemnul
Zin
The Shining One

Shops:
D:2 ?*   D:5 [(:?   D:8 :


Innate Abilities, Weirdness & Mutations

You are partially covered in yellow scales. (AC +2)
You regenerate a little health from kills.
You are robust. (+10% HP)
Spells you cast may paralyse nearby enemies.
You have a tail ending in a sharp stinger.
Your movements are slightly less encumbered by armour. (ER -2)


Message History

You feel better.
Your reaping aura is weakening.
You feel better.
The centaur throws a javelin.
The javelin pierces through you.
* * * LOW HITPOINT WARNING * * *
The orc warrior hits your river rat from afar with a +0 glaive!
Your river rat dies!
Aiming: Corrosive Bolt
Press: ? - help, Q - select action, (/) - cycle Shift-Dir - straight line, f - orc
Aim: an orc, wielding a +0 spear and wearing a +0 ring mail (77% to hit)
The bolt of acid hits the orc!
You kill the orc!
The orc warrior shouts!
The centaur shouts!
The dead are walking!
The centaur throws a javelin.
The javelin barely misses you.
The centaur throws a javelin.
The javelin pierces through you!
* * * LOW HITPOINT WARNING * * *
Aiming: Dig
Press: ? - help, Q - select action, (/) - cycle Shift-Dir - straight line You can't see that place. [a stone wall.]
Okay, then.
You feel better.
The centaur hits you but does no damage.
You feel better.
The centaur hits you but does no damage.
The centaur misses you.
The orc warrior hits you from afar with a +0 glaive!
* * * LOW HITPOINT WARNING * * *
The centaur throws a javelin.
The javelin barely misses you.
The javelin pierces through the centaur.
The orc warrior barely misses you.
The centaur throws a javelin.
The javelin closely misses you.
The javelin pierces through the centaur but does no damage.
The centaur misses you. x2
Your orc zombie closely misses the orc warrior.
The orc warrior barely misses you. x2
Sorry, you're not good enough to have a special ability.
Your reaping aura expires.
The centaur hits you from afar with a +0 halberd!
You die...

≈.≈...≈≈≈≈≈o≈≈≈≈≈.).#####..#.≈≈.
≈.≈≈..c.≈≈≈≈≈≈≈.(..≈≈.≈≈#..##)≈.
≈≈.≈...........(o..≈.≈≈≈#..⌠#.≈≈
≈≈.≈≈c⌠.........⌠o≈≈.≈≈≈#...#..≈
≈≈≈c≈.........Z...≈.≈≈≈≈#...#.⌠.
≈≈≈.≈≈≈.......oo≈≈≈.≈≈≈≈#...##..
≈≈≈≈..≈≈≈....c≈≈≈c.≈≈≈≈≈#....###
≈≈≈≈≈≈c.≈≈≈≈≈≈≈..≈≈≈≈≈≈≈#.....).
≈≈≈≈≈≈≈≈......c@≈≈≈≈≈≈≈###....))
#≈≈≈≈≈≈≈≈≈≈≈≈≈≈≈≈≈≈≈≈≈## ##...).
##≈≈≈≈≈≈≈≈≈≈≈≈≈≈≈≈≈≈≈## ##≈≈≈≈
##################### #####


You could see 4 orc warriors, 3 centaurs and a friendly orc zombie.

Vanquished Creatures
  The ghost of testman the Tainter, a novice OpVM of Ashenzari (D:8)
  A cyclops (D:9)
  A hornet (D:9)
  5 yaks
  Eustachio (D:6)
  5 black bears
  2 ice beasts
  3 sky beasts
  6 orc warriors
  3 ogres
  5 centaurs
  A phantom (D:6)
  11 kobold brigands
  4 bullfrogs
  2 necrophages
  2 scorpions
  5 wights
  2 jellies (D:6)
  2 hounds (D:5)
  Jessica (D:3)
  An iguana (D:3)
  4 orc wizards
  8 gnolls (D:5)
  13 adders
  A river rat (Sewer)
  A white imp (D:5)
  An ufetubus (D:3)
  7 worms
  2 dart slugs
  35 orcs
  5 bats
  18 endoplasms
  4 giant cockroaches
  8 goblins
  13 hobgoblins
  10 jackals
  38 kobolds
  6 quokkas
  20 ball pythons
  2 frilled lizards
  An orc zombie (Bailey)
  11 rats
  3 bushes (D:3)
275 creatures vanquished.

Vanquished Creatures (collateral kills)
  A two-headed ogre (D:9)
  A hornet (D:8)
  A yak (D:10)
  A steam dragon (D:10)
  2 orc warriors (Bailey)
  A sky beast (D:7)
  A centaur (D:7)
  A bullfrog (D:7)
  A gnoll sergeant (D:7)
  Crazy Yiuf (D:7)
  An orc priest (D:9)
  An iguana (D:6)
  A shadow imp (D:7)
  4 orcs
  2 hobgoblins
  2 kobolds (D:9)
  3 goblins
  A rat (D:1)
26 creatures vanquished.

Vanquished Creatures (others)
  2 centaur zombies (Bailey)
  A bullfrog zombie (D:7)
  3 orc zombies
  An orc (Bailey)
  6 kobold zombies (D:9)
  10 plants
23 creatures vanquished.

Grand Total: 324 creatures vanquished

Notes
Turn   | Place    | Note
-------+----------+-------------------------------------------
     0 | D:1      | gobodom the Demonspawn Necromancer began the quest for the
                  | Orb.
     0 | D:1      | Reached XP level 1. HP: 13/13 MP: 3/3
   349 | D:1      | Gained mutation: You have a small tail. [demonic ancestry]
   349 | D:1      | Reached XP level 2. HP: 19/19 MP: 3/5
   975 | D:1      | Gained mutation: Spells you cast may paralyse adjacent
                  | enemies. [demonic ancestry]
   975 | D:1      | Reached XP level 3. HP: 20/24 MP: 1/6
   976 | D:1      | Reached skill level 5 in Necromancy
  1260 | D:1      | Found a faded altar of an unknown god.
  1696 | D:2      | Found Ustrery's Magic Scroll Shoppe.
  1701 | D:2      | Found Soceedd's General Store.
  1711 | D:2      | Bought a scroll of identify for 22 gold pieces
  2088 | D:2      | Identified the +1 leather armour of the Nexus {Fly Str+5
                  | Dex-4 Slay+2}
  2178 | D:2      | Gained mutation: You have a tail ending in a sharp stinger.
                  | [demonic ancestry]
  2178 | D:2      | Reached XP level 4. HP: 25/30 MP: 8/8
  2309 | D:3      | Noticed Jessica
  2320 | D:3      | Killed Jessica
  2764 | D:3      | Reached skill level 1 in Short Blades
  2936 | D:3      | Reached XP level 5. HP: 28/36 MP: 9/9
  2978 | D:3      | Learned a level 3 spell: Vampiric Draining
  4570 | D:4      | Learned a level 1 spell: Apportation
  4595 | D:4      | Noticed an ogre
  4625 | D:4      | Noticed a phantom
  4644 | D:4      | Killed an ogre
  4645 | D:4      | Gained mutation: You are partially covered in yellow
                  | scales. (AC +2) [demonic ancestry]
  4645 | D:4      | Reached XP level 6. HP: 42/42 MP: 1/11
  4773 | D:4      | Learned a level 4 spell: Animate Dead
  5135 | D:5      | Entered Level 5 of the Dungeon
  5139 | D:5      | Found Fifiwoh's Book Shop.
  5165 | D:5      | Found Otufrum's Antique Armour Emporium.
  5185 | D:5      | Found Aggamy's Weapon Emporium.
  5217 | D:5      | Reached skill level 1 in Staves
  5224 | D:5      | Reached skill level 1 in Fighting
  5232 | D:5      | Found a staircase to the Ecumenical Temple.
  5262 | D:5      | Reached skill level 1 in Evocations
  5322 | D:5      | Reached XP level 7. HP: 24/48 MP: 2/12
  5934 | D:5      | Found Surr's Magic Scroll Boutique.
  6274 | Temple   | Entered the Ecumenical Temple
  6941 | D:6      | Gained mutation: You regenerate a little health from kills.
                  | [demonic ancestry]
  6941 | D:6      | Reached XP level 8. HP: 49/54 MP: 10/14
  6998 | D:6      | Found a glowing drain.
  7017 | Sewer    | Entered a sewer
  7924 | D:6      | Reached skill level 5 in Spellcasting
  8005 | D:6      | Noticed Eustachio
  8033 | D:6      | Killed Eustachio
  8300 | D:6      | Gained mutation: Spells you cast may paralyse nearby
                  | enemies. [demonic ancestry]
  8300 | D:6      | Reached XP level 9. HP: 54/59 MP: 12/16
  8890 | D:7      | Reached skill level 5 in Stealth
  9710 | D:7      | Found a runed translucent door.
  9711 | D:7      | Noticed Crazy Yiuf
  9719 | D:7      | Killed Crazy Yiuf
 10303 | D:8      | Reached skill level 1 in Throwing
 10318 | D:8      | Reached skill level 5 in Staves
 10938 | D:8      | Identified the +5 chain mail of the Sufficient God {rElec
                  | rF+ rC-}
 11096 | D:8      | Paralysed by a hornet for 1 turns
 11106 | D:8      | Reached skill level 5 in Evocations
 11213 | D:8      | Found Gacrafer's Book Shop.
 11351 | D:8      | Found a runed translucent door.
 11351 | D:8      | Noticed testman's ghost (novice OpVM)
 11485 | D:9      | Gained mutation: You are robust. (+10% HP) [demonic
                  | ancestry]
 11485 | D:9      | Reached XP level 10. HP: 26/73 MP: 8/18
 11738 | D:9      | Noticed a cyclops
 11769 | D:9      | Killed a cyclops
 12185 | D:9      | Found a broken altar of Ashenzari.
 12494 | D:9      | Noticed a two-headed ogre
 12521 | D:9      | Killed a two-headed ogre
 12522 | D:9      | Reached skill level 5 in Dodging
 12565 | D:9      | Found the +2 ratskin cloak {*Rats rPois rN+ Str-1 Int-1
                  | Dex+1}
 12605 | D:9      | Gained mutation: Your movements are slightly less
                  | encumbered by armour. (ER -2) [potion of mutation]
 12786 | D:9      | Paralysed by a hornet for 1 turns
 13096 | D:9      | Found a snail-covered altar of Cheibriados.
 13221 | D:8      | Killed testman's ghost
 13231 | D:8      | Learned a level 5 spell: Agony
 13265 | D:10     | Entered Level 10 of the Dungeon
 13467 | D:10     | Found a flagged portal.
 13478 | Bailey   | Entered a bailey
 13709 | Bailey   | Reached XP level 11. HP: 61/83 MP: 10/20
 13907 | Bailey   | Slain by a centaur

Illustrated notes

Levels and vault maps discovered:
D:1:      dpeg_arrival_subterranean_lakeside_camping, layout_loops_ring,
          shapermc_ecumenical_altar_ellora, minmay_vboxes
D:2:      layout_loops_cross, serial_shops, shop, nicolae_shop_hallway_plus
D:3:      layout_loops_corners, serial_forest, infiniplex_forest_split,
          infiniplex_forest_zigzag_1, infiniplex_forest_clump_small,
          infiniplex_forest_straight_2, infiniplex_forest_clump_tiny,
          infiniplex_forest_corner_1, infiniplex_forest_3_way,
          infiniplex_forest_clump_curved, infiniplex_forest_lined_1,
          minmay_joined_circles, uniq_jessica
D:4:      layout_rooms
D:5:      layout_rooms, minmay_temple_entry_stoned_glass, serial_shops,
          nicolae_shop_bloodbath_and_beyond, nicolae_shop_window_shopping,
          nicolae_square_shop, nicolae_square_shop
D:6:      layout_loops_ring, portal_sewer_entry_d, uniq_eustachio
D:7:      minmay_general_purpose_star, layout_loops_corners, serial_bayou,
          serial_bayou_pond_d, serial_bayou_pond_e, serial_bayou_pond_d,
          serial_bayou_shore_b, solitary_fountain, minmay_door_square,
          uniq_crazy_yiuf_cottage
D:8:      layout_rooms, gammafunk_ghost_grave, serial_shops,
          nicolae_shop_crystal, minmay_fractal_squares_5
D:9:      layout_irregular_city, mainiacjoe_overflow_alcove_4,
          general_overflow_altar, kennysheep_generic_room_6
D:10:     layout_roguey [special_room_bee], ebering_ghost_rock_garden,
          enter_bailey_4
Temple:   mainiacjoe_temple_big_plus
Bailey:   bailey_polearm_flooded_kennysheep, bailey

Skill      XL: |  1  2  3  4  5  6  7  8  9 10 |
---------------+-------------------------------+-----
Dodging        | 2 3 4 5 |  5.4
Necromancy     | 5 6 7 8 |  8.4
Stealth        | 2 3 4 5 |  5.7
Short Blades   | 1 |  1.5
Spellcasting   | 3 4 5 6 |  6.6
Staves         | 2 4 5 8 |  8.6
Fighting       | 1 2 3 |  3.7
Evocations     | 1 2 3 5 |  5.0
Throwing       | 1 |  1.1
Unarmed Combat | |  0.2
Translocations | |  0.5

Action                   |  1- 3 |  4- 6 |  7- 9 | 10-12 || total
-------------------------+-------+-------+-------+-------++-------
Melee: Unarmed           |    21 |       |    11 |       ||    32
       Dagger            |    58 |   250 |       |       ||   308
       Tailslap          |     3 |    77 |    63 |    29 ||   172
       Punch             |     1 |     4 |    10 |       ||    15
       Staff             |       |    93 |   440 |       ||   533
       Quarterstaff      |       |       |    32 |   171 ||   203
Throw: Dart              |       |    14 |     6 |     4 ||    24
 Cast: Necrotize         |    44 |    40 |    72 |     8 ||   164
       Apportation       |       |     5 |       |       ||     5
       Vampiric Draining |       |     7 |    11 |    10 ||    28
       Animate Dead      |       |     1 |    16 |     4 ||    21
       Agony             |       |       |       |     1 ||     1
Evoke: Wand              |       |       |       |     1 ||     1
  Use: Scroll            |     4 |     7 |     9 |     3 ||    23
       Potion            |       |       |     7 |     5 ||    12
 Stab: Sleeping          |     6 |     1 |     6 |     2 ||    15
       Paralysed         |       |    11 |    31 |     4 ||    46
       Distracted        |       |     1 |       |       ||     1
Armor: Robe              |    20 |    42 |   135 |    13 ||   210
       Leather armour    |       |       |       |    50 ||    50
Dodge: Dodged            |    63 |   134 |   453 |   278 ||   928

Table legend: (Time is in decaauts)
 A = Elapsed time spent in this place.
 B = Non-inter-level travel time spent in this place.
 C = Inter-level travel time spent in this place.
 D = Time resting spent in this place.
 E = Time spent auto-exploring this place.
 F = Levels seen in this place.
 G = Mean time per level.
                   A        B        C        D        E       F      G
               +--------+--------+--------+--------+--------+-----+--------+
         Total |  14098 |  14093 |      5 |    922 |   8221 |  13 | 1084.5 |
       Dungeon |  12256 |  12251 |      5 |    778 |   7234 |  10 | 1225.6 |
        Temple |    423 |    423 |      0 |      0 |    386 |   1 |  423.0 |
         Sewer |    994 |    994 |      0 |      0 |    600 |   1 |  994.0 |
        Bailey |    423 |    423 |      0 |    144 |      0 |   1 |  423.0 |
               +--------+--------+--------+--------+--------+-----+--------+

Top non-repeatable levels by time:
     D:3: 2302 daAuts
     D:9: 1805 daAuts
     D:1: 1406 daAuts
     D:7: 1385 daAuts
     D:8: 1282 daAuts
     D:6: 1263 daAuts
     D:5: 1184 daAuts
   Sewer: 994 daAuts
     D:2: 837 daAuts
     D:4: 580 daAuts
  Temple: 423 daAuts
  Bailey: 423 daAuts
    D:10: 209 daAuts
